 Dungeon Crawl Stone Soup version 0.21-a0-504-g2eda330 (webtiles) character file.

20123 4thArraOfDagon the Arsonist (level 12, 0/59 HPs)
             Began as a Deep Elf Fire Elementalist on Nov 26, 2017.
             Was an Elder of Sif Muna.
             Slain by an unseen horror (10 damage)
             ... on level 13 of the Dungeon.
             The game lasted 00:40:28 (5827 turns).

4thArraOfDagon the Arsonist (DEFE)                  Turns: 5827, Time: 00:40:29

Health: 0/59       AC:  9    Str:  5    XL:     12   Next: 42%
Magic:  16/29      EV: 17    Int: 28    God:    Sif Muna [****..]
Gold:   680        SH:  0    Dex: 15    Spells: 14/33 levels left

rFire    . . .     SeeInvis .   u - +1 sword of Power
rCold    + . .     Gourm    +   (shield currently unavailable)
rNeg     . . .     Faith    .   q - +2 robe {rC+}
rPois    .         Spirit   .   (helmet restricted)
rElec    .         Reflect  .   y - +0 cloak
rCorr    +         Harm     .   (no gloves)
MR       +....     Clarity  +   (no boots)
Stlth    ++........             E - amulet of the gourmand (curse)
HPRegen  0.19/turn              m - ring of resist corrosion
MPRegen  0.21/turn              C - +4 ring of evasion

@: divine energy
A: horns 1, iridescent scales 1, thin metallic scales 1, blink, clarity, clever
1, screaming 1, MP-powered wands
a: Blink, Stop Divine Energy, Channel Magic, Forget Spell, Renounce Religion


You were on level 13 of the Dungeon.
You worshipped Sif Muna.
Sif Muna was greatly pleased with you.
You were not hungry.

You visited 1 branch of the dungeon, and saw 15 of its levels.
You also visited: Ossuary.

You collected 680 gold pieces.

Inventory:

Hand Weapons
 f - a +0 flail of protection
 u - the +1 sword of Power (weapon)
   (You found it on level 4 of the Dungeon)
 H - the +6 dagger of Ciciew {protect, Str+6}
   (You found it on level 10 of the Dungeon)

   It protects the one who uses it against injury (+AC on strike).
   It affects your strength (+6).
Missiles
 G - a throwing net (quivered)
Armour
 a - a +0 robe
 g - a +0 ring mail
 n - a +0 helmet
 q - a +2 robe of cold resistance (worn)
 y - a +0 cloak (worn)
Magical Staves
 J - an uncursed staff of earth
Jewellery
 m - a ring of resist corrosion (left hand)
 A - an uncursed amulet of rage
 C - a +4 ring of evasion (right hand)
 E - a cursed amulet of the gourmand (around neck)
 I - an uncursed amulet of inaccuracy
 K - an uncursed amulet of regeneration
Wands
 e - a wand of digging (12)
 h - a wand of acid (6)
 F - a wand of paralysis (11)
Scrolls
 d - a scroll of identify
 p - 5 scrolls of magic mapping
 r - 2 scrolls of teleportation
 s - a scroll of amnesia
 w - 2 scrolls of enchant armour
 x - a scroll of silence
Potions
 i - a potion of invisibility
 j - 7 potions of haste
 k - a potion of magic
 z - a potion of curing
 B - a potion of lignification
 D - 2 potions of agility
Books
 b - a book of Flames

   Spells                             Type                      Level
   a - Flame Tongue                   Conjuration/Fire             1
   b - Throw Flame                    Conjuration/Fire             2
   c - Conjure Flame                  Conjuration/Fire             3
   d - Inner Flame                    Hexes/Fire                   3
   e - Sticky Flame                   Conjuration/Fire             4
   f - Fireball                       Conjuration/Fire             5
 o - a book of Minor Magic

   Spells                             Type                      Level
   a - Magic Dart                     Conjuration                  1
   b - Blink                          Translocation                2
   c - Call Imp                       Summoning                    2
   d - Slow                           Hexes                        2
   e - Conjure Flame                  Conjuration/Fire             3
   f - Mephitic Cloud                 Conjuration/Poison/Air       3
Comestibles
 c - 8 bread rations
 l - 6 meat rations


   Skills:
 - Level 2.4 Dodging
 - Level 2.4 Stealth
 + Level 11.4 Spellcasting
 * Level 12.9 Conjurations
 * Level 13.2 Fire Magic
 + Level 9.1 Invocations


You had 14 spell levels left.
You knew the following spells:

 Your Spells              Type           Power        Failure   Level  Hunger
a - Flame Tongue          Conj/Fire      #####        0%          1    None
b - Sticky Flame          Conj/Fire      ######..     1%          4    None
c - Conjure Flame         Conj/Fire      ######..     1%          3    None
d - Fireball              Conj/Fire      ######....   1%          5    ###....
e - Blink                 Tloc           N/A          5%          2    None
f - Iskenderun's Mystic   Conj           ######..     1%          4    None


Dungeon Overview and Level Annotations

Branches:
Dungeon (15/15)            Temple (0/1) D:5
   Lair: D:8-11         Orc: D:9-12      Vaults: D:13-14     Depths: D:15

Altars:
Cheibriados
Elyvilon
Makhleb
Nemelex Xobeh
Sif Muna
Uskayaw
Vehumet
Zin

Shops:
D:6 }

Annotations:
D:7 darxusza's ghost, novice MiBe
D:10 Harold
D:11 MORIA
D:14 exclusion: Roxanne, Louise; Roxanne


Innate Abilities, Weirdness & Mutations

You have a pair of small horns on your head.
You are partially covered in iridescent scales. (AC +2)
You are partially covered in thin metallic scales. (AC +2)
You can translocate small distances at will.
You possess an exceptional clarity of mind.
Your mind is acute. (Int +2)
You occasionally shout uncontrollably at your foes.
You expend magic power (3 MP) to strengthen your wands.


Message History

The blast of calcifying dust hits you!
Unknown command.
Unknown command.
The catoblepas burns!
Something hits you but does no damage.
Unknown command.
Unknown command.
Casting: Sticky Flame
Confirm with . or Enter, or press ? or * to list all spells.
Aiming: Fireball
Press: ? - help, Shift-Dir - straight line, f/p - catoblepas
Aim: a catoblepas (calcifying dust, moderately wounded, covered in liquid flames)
The fireball explodes!
The fireball engulfs the catoblepas.
The catoblepas is heavily wounded.
You hear a shout! x2
The catoblepas burns!
The catoblepas stops burning.
Something hits you!
* * * LOW HITPOINT WARNING * * *
The catoblepas breathes a plume of calcifying dust at you.
The blast of calcifying dust hits something.
The blast of calcifying dust hits you! Something hits you!
You die...

#>.# #..# ....
#..# .......#
#..# .......#
#..# .......#
#.§# ......#
#§.# #
......###§§#
$######....@§.#
.....#....{..#
#...#...Y...#
...#.......#
####'#.......#
#............#
#.###........#
#........#
#........#


You could see a catoblepas.

Vanquished Creatures
  5 two-headed ogres
  A wolf spider zombie (D:12)
  A wizard (D:15)
  10 ugly things
  3 cyclopes
  A centaur zombie (D:12)
  Psyche (D:12)
  A kobold demonologist (D:12)
  A tengu conjurer (D:14)
  A hornet (D:12)
  A wolf spider simulacrum (D:15)
  A blink frog (shapeshifter) (D:14)
  5 hippogriffs
  A shadow (D:13)
  A wraith (D:11)
  2 water elementals (D:11)
  13 yaks
  3 wyverns
  A vampire (D:12)
  2 humans (D:14)
  2 ice beasts
  3 sky beasts
  10 orc warriors
  A black bear (D:6)
  A phantom (D:7)
  2 boggarts (D:15)
  3 ogres
  2 crocodiles
  4 centaurs
  2 big kobolds
  A wyvern zombie (D:14)
  3 bullfrogs
  4 water moccasin zombies (Ossuary)
  A wyvern skeleton (D:12)
  2 scorpions
  A water moccasin skeleton (D:10)
  2 killer bees (D:12)
  2 electric eels
  5 howler monkeys
  2 crimson imps
  3 hounds
  3 jellies
  2 bullfrog skeletons
  10 orc priests
  2 iguanas
  8 orc wizards
  7 worker ants
  2 killer bee zombies
  3 big kobold zombies (Ossuary)
  4 hound skeletons
  2 mummies (Ossuary)
  Robin (D:2)
  A howler monkey skeleton (D:9)
  3 worker ant zombies (D:7)
  10 adders
  2 shadow imps
  An ooze (D:5)
  10 adder zombies
  An adder skeleton (D:4)
  2 worms
  A dart slug (D:1)
  3 leopard geckos
  49 orcs
  6 bats
  4 giant cockroaches
  11 goblins
  11 hobgoblins
  10 jackals
  8 quokkas
  4 frilled lizards
  5 hobgoblin zombies (Ossuary)
  A jackal skeleton (D:4)
  18 kobolds
  3 kobold zombies (Ossuary)
  5 orc zombies (Ossuary)
  3 rats
327 creatures vanquished.

Vanquished Creatures (others)
  A quokka (D:5)
1 creature vanquished.

Grand Total: 328 creatures vanquished

Notes
Turn   | Place    | Note
-------+----------+-------------------------------------------
     0 | D:1      | 4thArraOfDagon the Deep Elf Fire Elementalist began the quest for the Orb.
     0 | D:1      | Reached XP level 1. HP: 10/10 MP: 6/6
    16 | D:2      | Noticed Robin
   119 | D:3      | Found a snail-covered altar of Cheibriados.
   119 | D:3      | Found a deep blue altar of Sif Muna.
   122 | D:3      | Became a worshipper of Sif Muna the Loreminder
   166 | D:3      | Reached XP level 2. HP: 13/15 MP: 4/8
   416 | D:1      | Reached XP level 3. HP: 9/19 MP: 5/9
   548 | D:2      | Reached skill level 4 in Fire Magic
   805 | D:2      | Killed Robin
   805 | D:2      | Reached skill level 1 in Invocations
   805 | D:2      | Reached XP level 4. HP: 16/24 MP: 8/11
   835 | D:2      | Learned a level 4 spell: Sticky Flame
   866 | D:2      | Learned a level 3 spell: Conjure Flame
   909 | D:2      | Reached * piety under Sif Muna
   997 | D:3      | Found a glowing silver altar of Zin.
  1000 | D:3      | Found a hide-covered altar of Uskayaw.
  1019 | D:3      | Reached XP level 5. HP: 19/28 MP: 3/13
  1137 | D:3      | Found a radiant altar of Vehumet.
  1376 | D:4      | Reached skill level 5 in Fire Magic
  1421 | D:4      | Found the +0 sword of Power
  1554 | D:4      | Reached XP level 6. HP: 10/32 MP: 5/14
  1561 | D:4      | Learned a level 5 spell: Fireball
  1637 | D:5      | Entered Level 5 of the Dungeon
  1661 | D:5      | Found a sand-covered staircase.
  1666 | Ossuary  | Entered an ossuary
  1703 | Ossuary  | Reached ** piety under Sif Muna
  1707 | Ossuary  | Reached skill level 5 in Spellcasting
  1707 | Ossuary  | Reached XP level 7. HP: 30/36 MP: 12/16
  1789 | Ossuary  | Reached skill level 5 in Conjurations
  1789 | Ossuary  | Reached skill level 6 in Fire Magic
  1872 | D:5      | Found a white marble altar of Elyvilon.
  2112 | D:5      | Found a staircase to the Ecumenical Temple.
  2252 | D:6      | Found a sparkling altar of Nemelex Xobeh.
  2273 | D:6      | Reached XP level 8. HP: 32/41 MP: 5/18
  2343 | D:6      | Learned a level 2 spell: Blink
  2366 | D:6      | Found Tamethoj's Gadget Shoppe.
  2393 | D:6      | Reached *** piety under Sif Muna
  2416 | D:6      | Reached skill level 7 in Fire Magic
  2774 | D:7      | Gained mutation: You possess an exceptional clarity of mind. [mutagenic meat]
  2775 | D:7      | Gained mutation: You are partially covered in thin metallic scales. (AC +2) [mutagenic meat]
  2776 | D:7      | Gained mutation: You expend magic power (3 MP) to strengthen your wands. [mutagenic meat]
  2777 | D:7      | Gained mutation: You have a pair of small horns on your head. [mutagenic meat]
  2779 | D:7      | Gained mutation: You occasionally shout uncontrollably at your foes. [mutagenic meat]
  2903 | D:7      | Reached skill level 8 in Fire Magic
  3020 | D:7      | Noticed darxusza's ghost (novice MiBe)
  3330 | D:9      | Noticed a hippogriff
  3337 | D:9      | Killed a hippogriff
  3337 | D:9      | Reached XP level 9. HP: 45/45 MP: 11/21
  3380 | D:9      | Noticed a two-headed ogre
  3403 | D:9      | Killed a two-headed ogre
  3403 | D:9      | Reached **** piety under Sif Muna
  3403 | D:9      | Reached skill level 5 in Invocations
  3486 | D:9      | jacquesderrida: DAGAN!!!!!
  3491 | D:9      | Reached skill level 9 in Fire Magic
  3573 | D:8      | Noticed a polar bear
  3641 | D:9      | Noticed a two-headed ogre
  3653 | D:9      | Killed a two-headed ogre
  3653 | D:9      | Reached XP level 10. HP: 32/50 MP: 5/24
  3655 | D:9      | Reached skill level 10 in Fire Magic
  3752 | D:10     | Entered Level 10 of the Dungeon
  3765 | D:10     | Noticed a two-headed ogre
  3773 | D:10     | Killed a two-headed ogre
  3773 | D:10     | Reached ***** piety under Sif Muna
  3811 | D:10     | Noticed a cyclops
  3871 | D:10     | Killed a cyclops
  3871 | D:10     | Reached skill level 10 in Conjurations
  3970 | D:10     | Noticed a cyan ugly thing
  3972 | D:10     | Noticed Harold
  4087 | D:10     | Got a bloodstained dagger
  4090 | D:10     | Identified the +6 dagger of Ciciew {protect, Str+6} (You found it on level 10 of the Dungeon)
  4093 | D:10     | Received a gift from Sif Muna
  4099 | D:10     | Learned a level 4 spell: Iskenderun's Mystic Blast
  4130 | D:10     | Noticed a two-headed ogre
  4136 | D:10     | Killed a two-headed ogre
  4136 | D:10     | Reached skill level 11 in Fire Magic
  4240 | D:11     | Reached XP level 11. HP: 35/54 MP: 8/26
  4268 | D:11     | Found a burning altar of Makhleb.
  4540 | D:11     | Gained mutation: You are partially covered in iridescent scales. (AC +2) [mutagenic meat]
  4542 | D:11     | Gained mutation: You can translocate small distances at will. [mutagenic meat]
  4543 | D:11     | Gained mutation: You are partially covered in rugged brown scales. (AC +1, +3% HP) [mutagenic meat]
  4544 | D:11     | Lost mutation: You are partially covered in rugged brown scales. (AC +1, +3% HP) [mutagenic meat]
  4545 | D:11     | Gained mutation: Your mind is acute. (Int +2) [mutagenic meat]
  4565 | D:11     | Noticed a cyan ugly thing
  4569 | D:11     | Killed a cyan ugly thing
  4569 | D:11     | Reached skill level 10 in Spellcasting
  4614 | D:11     | Noticed a white ugly thing
  4625 | D:11     | Killed a white ugly thing
  4852 | D:12     | Reached skill level 12 in Fire Magic
  4862 | D:12     | Noticed Psyche
  4873 | D:12     | Killed Psyche
  5015 | D:13     | Noticed a cyan ugly thing
  5050 | D:12     | Noticed a two-headed ogre
  5064 | D:12     | Killed a two-headed ogre
  5296 | D:14     | Noticed Roxanne
  5457 | D:15     | Entered Level 15 of the Dungeon
  5461 | D:15     | Noticed a wizard
  5463 | D:15     | Killed a wizard
  5463 | D:15     | Reached XP level 12. HP: 50/59 MP: 9/28
  5472 | D:15     | Noticed a centaur warrior
  5473 | D:15     | Noticed a tengu warrior
  5666 | D:14     | Noticed Louise
  5708 | D:14     | Received a gift from Sif Muna
  5708 | D:14     | Reached skill level 13 in Fire Magic
  5819 | D:13     | Noticed a catoblepas
  5827 | D:13     | Slain by an unseen horror

Vault maps used:
D:1:      minmay_arrival_up_and_down, minmay_pentomino_s2
D:2:      serial_corexii_hall, corexii_hall_statues_deadend,
          corexii_hall_statues_x, first_bread, uniq_robin
D:3:      lightli_temple_of_fire, nicolae_overflow_hidden_temple,
          lemuel_doored_altar, gammafunk_temple_overflow_elements
D:4:      lemuel_crystal_altar
D:5:      minmay_temple_entry_crystal_x, enter_ossuary_2, elyvilon_altar_4
D:6:      nemelex_xobeh_ov_fountains_minmay, lemuel_crystal_altar, serial_shops,
          kennysheep_little_box, hex_tiny
D:7:      serial_shops, shop_fountains, grunt_livestock
D:8:      marbit_many_paths, lair_entry_dummy, serial_ice, serial_ice_o,
          serial_ice_e, serial_ice_h, serial_ice_k, serial_ice_m, serial_ice_f,
          serial_ice_n, serial_ice_d, basic_altar, okawaru_altar_gauntlet_db,
          uniq_maurice
D:9:      old_standard_altar, uniq_pikel
D:10:     due_unseen_surprise, uniq_harold
D:11:     erik_orc_2, serial_curves, eino_curves_03, eino_curves_01,
          bloody_makhleb, uniq_fannar
D:12:     hangedman_decor_lopped, nicolae_elemental_shop, uniq_psyche,
          uniq_snorg
D:14:     grunt_vaults_entry_tiered, uniq_roxanne, uniq_louise, uniq_nessos
D:15:     gammafunk_depths_entry_grave, hangedman_decor_opposing, spider_trap,
          fake_guardian_serpent_vault
Ossuary:  ossuary_tomb_2

Skill      XL: |  1  2  3  4  5  6  7  8  9 10 11 12 |
---------------+-------------------------------------+-----
Conjurations   | 2 3 4 5 7 9 10 12 | 12.9
Fire Magic     | 4 5 6 8 9 11 12 13 | 13.2
Invocations    | 1 2 3 4 6 7 8 9 |  9.1
Spellcasting   | 4 5 7 8 9 10 11 | 11.4
Dodging        | |  2.4
Stealth        | |  2.4

Action                   |  1- 3 |  4- 6 |  7- 9 | 10-12 || total
-------------------------+-------+-------+-------+-------++-------
Melee: Unarmed           |     1 |       |       |       ||     1
       Flail             |    44 |    26 |       |       ||    70
       Great sword       |       |    27 |   108 |   113 ||   248
       Headbutt          |       |       |     8 |    15 ||    23
       Dagger            |       |       |       |    10 ||    10
 Cast: Flame Tongue      |    55 |    55 |    94 |    79 ||   283
       Sticky Flame      |       |     8 |    30 |    47 ||    85
       Conjure Flame     |       |     2 |    27 |    43 ||    72
       Fireball          |       |       |     6 |    57 ||    63
Invok: Divine Energy     |       |     1 |       |       ||     1
       Channel Magic     |       |       |     4 |    15 ||    19
Evoke: Wand              |       |       |     4 |     7 ||    11
  Use: Scroll            |     4 |     1 |     9 |     8 ||    22
       Potion            |     2 |     4 |     1 |     6 ||    13
 Stab: Sleeping          |     4 |     1 |     2 |       ||     7
       Paralysed         |       |       |     5 |     9 ||    14
  Eat: Chunk             |       |     3 |    10 |    33 ||    46
       Fruit             |       |     1 |     4 |       ||     5
       Bread ration      |       |       |     1 |       ||     1
       Royal jelly       |       |       |     1 |     2 ||     3
Armor: Robe              |    23 |    27 |    45 |    42 ||   137
       Skin              |       |       |       |    10 ||    10
Dodge: Dodged            |    93 |    62 |   120 |   162 ||   437
       Rpst.: Great sword |       |    11 |    40 |    45 ||    96

Table legend:
 A = Spawn XP
 B = Non-spawn XP
 C = Spawn XP percentage of total XP
 D = Spawn monster count
 E = Non-spawn monster count
 F = Spawn count percentage of total count
 G = Total turns spent on level
                    A         B        C        D         E        F      G
               +---------+---------+-------+---------+---------+-------+---------
         Total |       0 |   28748 |   0.0 |       0 |     327 |   0.0 |  5827
               +---------+---------+-------+---------+---------+-------+---------
           D:1 |       0 |      38 |   0.0 |       0 |      22 |   0.0 |   312
           D:2 |       0 |     103 |   0.0 |       0 |      28 |   0.0 |   475
           D:3 |       0 |      72 |   0.0 |       0 |      18 |   0.0 |   409
           D:4 |       0 |     225 |   0.0 |       0 |      16 |   0.0 |   441
           D:5 |       0 |     395 |   0.0 |       0 |      14 |   0.0 |   377
           D:6 |       0 |     301 |   0.0 |       0 |       9 |   0.0 |   266
           D:7 |       0 |    1013 |   0.0 |       0 |      33 |   0.0 |   590
           D:8 |       0 |     100 |   0.0 |       0 |       3 |   0.0 |   258
           D:9 |       0 |    3817 |   0.0 |       0 |      31 |   0.0 |   480
          D:10 |       0 |    4236 |   0.0 |       0 |      24 |   0.0 |   409
          D:11 |       0 |    4908 |   0.0 |       0 |      50 |   0.0 |   647
          D:12 |       0 |    5266 |   0.0 |       0 |      24 |   0.0 |   383
          D:13 |       0 |     433 |   0.0 |       0 |       4 |   0.0 |    61
          D:14 |       0 |    5638 |   0.0 |       0 |      15 |   0.0 |   446
          D:15 |       0 |    1718 |   0.0 |       0 |       5 |   0.0 |    76
       Ossuary |       0 |     485 |   0.0 |       0 |      31 |   0.0 |   197
               +---------+---------+-------+---------+---------+-------+---------
